 Dungeon Sprint DCSS version 0.27-a0-277-g024f7ef292 (webtiles) character file.

Game seed: 1861178595390842684

23359 mhtbhm the Executioner (level 12, -2/195 HPs)
             Began as a Minotaur Fighter on Feb 7, 2021.
             Was the Champion of Trog.
             Slain by a death cob (8 damage)
             ... in the Dungeon (Sprint VII: "The Pits").
             The game lasted 00:05:13 (2599 turns).

mhtbhm the Executioner (Minotaur Fighter)           Turns: 2599, Time: 00:05:14

Health: -2/195     AC: 23    Str: 29    XL:     12   Next: 71%
Magic:  11/11      EV: 12    Int:  5    God:    Trog [******]
Gold:   42         SH: 15    Dex: 10    Spells: 11/11 levels left

rFire    . . .     SeeInvis .   a - +9 broad axe (vorpal)
rCold    . . .     Faith    .   c - +0 kite shield
rNeg     . . .     Spirit   .   b - +3 chain mail
rPois    .         Reflect  .   (helmet restricted)
rElec    .         Harm     .   s - +0 cloak
rCorr    .         Rampage  .   (no gloves)
Will     .....     NoTele   +   t - +0 pair of boots
Stlth    ..........             (no amulet)
HPRegen  0.42/turn              p - +3 ring of protection
MPRegen  0.12/turn              q - +3 ring of strength

@: berserking (expiring), slowed
A: retaliatory headbutt, horns 2
a: Renounce Religion, Berserk, Trog's Hand, Brothers in Arms


You were in the Dungeon.
You worshipped Trog.
Trog was exalted by your worship.
You visited 1 branch You collected 42 gold pieces.

Inventory:

Hand Weapons
 a - a +9 vorpal broad axe (weapon)
 u - a +0 executioner's axe
Missiles
 o - 8 silver boomerangs
 A - a throwing net (quivered)
Armour
 b - a +3 chain mail (worn)
 c - a +0 kite shield (worn)
 s - a +0 cloak (worn)
 t - a +0 pair of boots (worn)
Jewellery
 p - a +3 ring of protection (left hand)
 q - a +3 ring of strength (right hand)
 y - an uncursed ring of willpower
 z - an uncursed ring of poison resistance
Scrolls
 j - 2 scrolls of blinking
 l - 4 scrolls of remove curse
 m - 2 scrolls of enchant weapon
 n - a scroll of summoning
 v - 4 scrolls of identify
 w - 3 scrolls of fear
 x - a scroll of fog
Potions
 d - a potion of might
 e - 8 potions of curing
 f - 13 potions of heal wounds
 g - 3 potions of haste
 h - 4 potions of magic
 i - 3 potions of berserk rage
 k - 2 potions of invisibility
 r - 2 potions of mutation


   Skills:
 + Level 19.0 Fighting
 + Level 21.3 Axes
 + Level 17.0 Armour
 + Level 7.6 Dodging
 - Level 0.9 Stealth
 + Level 16.8 Shields


You had 11 spell levels left.
You didn't know any spells.
Your spell library was empty.

Dungeon Overview and Level Annotations

Branches:
Dungeon (1/1)

Altars:
Ashenzari
Cheibriados
Dithmenos
Elyvilon
Fedhas
Gozag
Hepliaklqana
Kikubaaqudgha
Makhleb
Nemelex Xobeh
Okawaru
Qazlal
Ru
Sif Muna
Trog
Uskayaw
Vehumet
Wu Jian
Xom
Yredelemnul
Zin
The Shining One
Beogh
Jiyva
Lugonu


Innate Abilities, Weirdness & Mutations

You reflexively headbutt those who attack you in melee.
You have a pair of horns on your head.


Message History

You slice the red draconian!!
You feel the power of Trog in you as your rage grows.
You kill the red draconian!
Trog accepts your kill.
You slice the fire elemental!!
You feel the power of Trog in you as your rage grows.
You destroy the fire elemental!
Trog accepts your kill. The death cob hits you!!
* * * LOW HITPOINT WARNING * * *
The death cob drains your vigour!
You feel as though you will be slow longer.
You block the death cob's attack.
Your Fighting skill increases to level 19!
Your Armour skill increases to level 17!
You closely miss the death cob.
You headbutt the death cob, but do no damage.
The death cob is severely damaged.
You slice the wind drake!! The death cob hits you!
You die...

#..#....#..#
+..........#
+..........#
#..#....#..#
#..........+
#..........+
###''####''#
###')####''###########
#...k@.##.............
#.#R##z##.............
#.#○d .##..###########
# RAk#.##..#
.#.z+.##..#
+###########.+Ef#.##..#
......##..## ##+#.##..#
......##..# .##..#
......''..# #..#


You could see a death cob, a rakshasa and a wind drake (repels missiles).

Vanquished Creatures
  A pearl dragon (D)
  A death cob (D)
  A red draconian (D)
  A green death (D)
  A boulder beetle (D)
  Erolcha (D)
  A hydra (D)
  A catoblepas (D)
  A two-headed ogre (D)
  A centaur warrior (D)
  Erica (D)
  5 skeletal warriors (D)
  A deep troll (D)
  2 unseen horrors (D)
  A phantasmal warrior (D)
  A wizard (D)
  A bog body (D)
  A deep elf pyromancer (D)
  An orc knight (D)
  An orange demon (D)
  A cane toad (D)
  A large abomination (D)
  2 komodo dragons (D)
  A freezing wraith (D)
  A rime drake (D)
  A merfolk (D)
  A demonic crawler (D)
  3 red devils (D)
  2 polar bears (D)
  A tyrant leech (D)
  A hornet (D)
  Sigmund (D)
  2 redbacks (D)
  A wyvern (D)
  A fire elemental (D)
  4 yaks (D)
  A chaos spawn (D)
  A basilisk (D)
  A warg (D)
  A floating eye (shapeshifter) (D)
  A floating eye (D)
  A sky beast (D)
  5 orc warriors (D)
  A centaur (D)
  A phantom (D)
  A quasit (D)
  2 iron imps (D)
  2 jellies (D)
  An iguana (D)
  3 orc wizards (D)
  A mummy (D)
  2 gnolls (D)
  2 river rats (D)
  An adder skeleton (D)
  A leopard gecko (D)
  6 orcs (D)
  A hobgoblin (D)
  4 jackals (D)
  4 ball pythons (D)
  A ball python zombie (D)
  A frilled lizard (D)
  A kobold (D)
  A rat (D)
97 creatures vanquished.

Notes
Turn   | Place    | Note
-------+----------+-------------------------------------------
     0 | D        | mhtbhm the Minotaur Fighter began the quest for the Orb.
     0 | D        | Reached XP level 1. HP: 19/19 MP: 0/0
    18 | D        | Found a bloodstained altar of Trog.
    18 | D        | Found a shimmering blue altar of Sif Muna.
    18 | D        | Found a viscous altar of Jiyva.
    18 | D        | Found a hazy altar of Hepliaklqana.
    18 | D        | Found an opulent altar of Gozag.
    19 | D        | Found a glowing golden altar of the Shining One.
    19 | D        | Found a glowing silver altar of Zin.
    19 | D        | Found a basalt altar of Yredelemnul.
    19 | D        | Found a shimmering altar of Xom.
    19 | D        | Found an ornate altar of the Wu Jian Council.
    19 | D        | Found a sacrificial altar of Ru.
    19 | D        | Found a stormy altar of Qazlal.
    19 | D        | Found an iron altar of Okawaru.
    19 | D        | Found a sparkling altar of Nemelex Xobeh.
    19 | D        | Found a burning altar of Makhleb.
    19 | D        | Found a blossoming altar of Fedhas.
    19 | D        | Found a white marble altar of Elyvilon.
    19 | D        | Found a shadowy altar of Dithmenos.
    19 | D        | Found a snail-covered altar of Cheibriados.
    22 | D        | Found a radiant altar of Vehumet.
    22 | D        | Found a corrupted altar of Lugonu.
    22 | D        | Found a roughly hewn altar of Beogh.
    63 | D        | Became a worshipper of Trog the Wrathful
    73 | D        | Noticed a floating eye
    77 | D        | Killed a floating eye
    78 | D        | Reached skill level 4 in Axes
    78 | D        | Reached XP level 2. HP: 31/31 MP: 1/1
    78 | D        | Reached XP level 3. HP: 38/38 MP: 2/2
    78 | D        | Reached XP level 4. HP: 45/45 MP: 3/3
    86 | D        | Reached * piety under Trog
    98 | D        | Reached ** piety under Trog
   107 | D        | Noticed a phantom
   112 | D        | Killed a phantom
   112 | D        | Reached *** piety under Trog
   113 | D        | Reached skill level 5 in Axes
   113 | D        | Reached XP level 5. HP: 53/53 MP: 4/4
   245 | D        | Noticed Sigmund
   246 | D        | Reached **** piety under Trog
   247 | D        | Reached skill level 6 in Axes
   281 | D        | Killed Sigmund
   282 | D        | Reached skill level 8 in Axes
   282 | D        | Reached skill level 1 in Dodging
   282 | D        | Reached XP level 6. HP: 26/63 MP: 5/5
   447 | D        | Noticed a komodo dragon
   457 | D        | Killed a komodo dragon
   457 | D        | Reached ***** piety under Trog
   458 | D        | Reached skill level 9 in Axes
   458 | D        | Reached skill level 10 in Armour
   458 | D        | Reached skill level 10 in Shields
   458 | D        | Reached XP level 7. HP: 46/71 MP: 6/6
   649 | D        | Reached skill level 10 in Fighting
   649 | D        | Reached skill level 10 in Axes
   698 | D        | Noticed a hornet
   698 | D        | Noticed a komodo dragon
   700 | D        | Paralysed by a hornet for 3 turns
   708 | D        | Received a gift from Trog
   715 | D        | Killed a komodo dragon
   716 | D        | Reached skill level 11 in Axes
   716 | D        | Reached XP level 8. HP: 24/81 MP: 7/7
   721 | D        | Killed a hornet
  1036 | D        | Found a hide-covered altar of Uskayaw.
  1036 | D        | Found an ancient bone altar of Kikubaaqudgha.
  1036 | D        | Found a broken altar of Ashenzari.
  1063 | D        | Noticed a red devil
  1068 | D        | Killed a red devil
  1069 | D        | Reached skill level 12 in Axes
  1308 | D        | Noticed a large abomination
  1308 | D        | Noticed a bog body
  1313 | D        | Killed a bog body
  1314 | D        | Reached XP level 9. HP: 90/90 MP: 8/8
  1316 | D        | Killed a large abomination
  1316 | D        | Received a gift from Trog
  1317 | D        | Reached skill level 13 in Axes
  1427 | D        | Noticed a demonic crawler
  1428 | D        | Noticed a yaktaur
  1429 | D        | Noticed a salamander
  1429 | D        | a yaktaur changed into a salamander
  1432 | D        | Noticed a lindwurm
  1432 | D        | a salamander changed into a lindwurm
  1433 | D        | Killed a demonic crawler
  1437 | D        | a lindwurm changed into a floating eye
  1536 | D        | Noticed a centaur warrior
  1546 | D        | Killed a centaur warrior
  1547 | D        | Reached skill level 14 in Axes
  1579 | D        | Noticed a tyrant leech
  1579 | D        | Noticed a deep elf pyromancer
  1579 | D        | Noticed a deep troll
  1583 | D        | Killed a tyrant leech
  1583 | D        | Reached ****** piety under Trog
  1585 | D        | Killed a deep elf pyromancer
  1586 | D        | Reached skill level 15 in Axes
  1586 | D        | Reached XP level 10. HP: 101/101 MP: 9/9
  1588 | D        | Killed a deep troll
  1664 | D        | Noticed a pearl dragon
  1672 | D        | Killed a pearl dragon
  1672 | D        | Received a gift from Trog
  1673 | D        | Reached skill level 17 in Axes
  1673 | D        | Reached skill level 15 in Armour
  1673 | D        | Reached skill level 5 in Dodging
  1778 | D        | Noticed a phantasmal warrior
  1784 | D        | Killed a phantasmal warrior
  1786 | D        | Reached XP level 11. HP: 86/111 MP: 10/10
  1878 | D        | Noticed a wizard
  1892 | D        | Killed a wizard
  1893 | D        | Reached skill level 15 in Fighting
  1893 | D        | Reached skill level 18 in Axes
  1894 | D        | Noticed an orc knight
  1899 | D        | Received a gift from Trog
  1904 | D        | Killed an orc knight
  1941 | D        | Killed an unseen horror
  1949 | D        | Noticed Erica
  1950 | D        | Noticed a boulder beetle
  1954 | D        | Killed Erica
  1954 | D        | Received a gift from Trog
  1955 | D        | Reached skill level 19 in Axes
  1965 | D        | Killed a boulder beetle
  2037 | D        | Noticed Erolcha
  2042 | D        | Killed Erolcha
  2042 | D        | Received a gift from Trog
  2054 | D        | Noticed a six-headed hydra
  2054 | D        | Noticed a green death
  2060 | D        | Killed a nine-headed hydra
  2062 | D        | Killed an unseen horror
  2063 | D        | Reached skill level 20 in Axes
  2063 | D        | Received a gift from Trog
  2064 | D        | Reached skill level 15 in Shields
  2066 | D        | Killed a green death
  2067 | D        | Reached XP level 12. HP: 125/125 MP: 11/11
  2190 | D        | Noticed a death cob
  2193 | D        | Noticed a two-headed ogre
  2202 | D        | Killed a death cob
  2209 | D        | Received a gift from Trog
  2216 | D        | Reached skill level 21 in Axes
  2217 | D        | Received a gift from Trog
  2222 | D        | Killed a two-headed ogre
  2227 | D        | Received a gift from Trog
  2575 | D        | Noticed a catoblepas
  2575 | D        | Noticed a red draconian
  2575 | D        | Noticed a rakshasa
  2575 | D        | Noticed a death cob
  2576 | D        | Found the +5 robe of Misfortune {*Contam Harm *Corrode
                  | *Drain *Slow EV+5}
  2584 | D        | Killed a catoblepas
  2598 | D        | Killed a red draconian
  2598 | D        | HP: 6/193 [death cob (18)]
  2599 | D        | Slain by a death cob

Illustrated notes

Levels and vault maps discovered:
D:        pitsprint [storerooms_1, entrance_room_1, metal_vault_4, armoury_1,
          mini_pit_1, grid_room_1, main_hall_1, silver_pit, the_coven_1,
          the_vestibule_1, steel_vault_4, golden_pit, hallway_of_sentries,
          crystal_vault_5, iron_vault_2, final_vault]

Skill      XL: |  1  2  3  4  5  6  7  8  9 10 11 12 |
---------------+-------------------------------------+-----
Fighting       | 6 8 9 10 11 13 14 17 19 | 19.0
Axes           | 4 5 8 9 11 12 15 17 20 21 | 21.3
Armour         | 6 7 9 10 11 13 14 15 16 17 | 17.0
Shields        | 6 8 9 10 11 12 13 15 16 | 16.8
Dodging        | 1 2 3 4 5 6 7 |  7.6
Stealth        | |  0.9

Action                   |  1- 3 |  4- 6 |  7- 9 | 10-12 || total
-------------------------+-------+-------+-------+-------++-------
Melee: Hand axe          |     3 |    69 |    31 |       ||   103
       War axe           |     2 |       |    16 |       ||    18
       Headbutt          |     1 |     9 |     9 |    32 ||    51
       Broad axe         |       |       |    19 |   136 ||   155
Invok: Berserk           |       |     3 |     3 |     5 ||    11
  Use: Potion            |       |     1 |     1 |     1 ||     3
       Scroll            |       |       |       |     4 ||     4
 Stab: Petrified         |       |       |       |     2 ||     2
       Petrifying        |       |       |       |     1 ||     1
Armor: Scale mail        |     1 |     9 |       |       ||    10
       Chain mail        |       |    18 |    35 |   110 ||   163
Dodge: Dodged            |     1 |     9 |    27 |    49 ||    86
Block: Kite shield       |       |    24 |    34 |    95 ||   153

Table legend: (Time is in decaauts)
 A = Elapsed time spent in this place.
 B = Non-inter-level travel time spent in this place.
 C = Inter-level travel time spent in this place.
 D = Time resting spent in this place.
 E = Time spent auto-exploring this place.
 F = Levels seen in this place.
 G = Mean time per level.
                   A        B        C        D        E       F      G
               +--------+--------+--------+--------+--------+-----+--------+
         Total |   2693 |   2693 |      0 |   1485 |    173 |   1 | 2693.0 |
       Dungeon |   2693 |   2693 |      0 |   1485 |    173 |   1 | 2693.0 |
               +--------+--------+--------+--------+--------+-----+--------+

Top non-repeatable levels by time:
       D: 2693 daAuts
